Map: Eternal Empire LE

Players

OKSERIAN

  • Race: Terran Terran
  • League: Gold
  • Spawn Location: 1:00

Massa - Winner!

  • Race: Terran Terran
  • League: Gold
  • Spawn Location: 7:00

VOD

Have the link to the VOD?

Description

Time

  • Played on: Aug. 10, 2020, 11:18 a.m.
  • Length: 42:21
Show
View Real Time Build Order
Export as new Build Order

OKSERIAN Terran 

Build Orders:  

Get SALT Encoding   

  12  0:01  SCV  
  13  0:13  SCV  
  14  0:19  Supply Depot  
  14  0:27  Refinery  
  14  0:41  Barracks  
  14  0:53  Supply Depot  
  14  0:55  SCV  
  15  1:32  Marine  
  16  1:38  Barracks  
  16  1:43  Barracks  
  16  1:44  SCV  
  17  1:50  Marine  
  18  2:07  Marine  
  19  2:25  Marine x2  
  19  2:29  Marine  
  21  2:33  Factory  
  21  2:35  SCV  
  23  2:43  Marine  
  24  2:45  Marine  
  24  2:47  SCV  
  26  2:51  Marine  
  25  3:01  Marine  
  26  3:17  Marine  
  26  3:20  SCV  
  25  3:32  SCV  
  25  3:33  Marine x2  
  27  3:45  SCV, Marine  
  29  3:51  Marine x2  
  30  4:03  Marine  
  30  4:08  Marine  
  30  4:09  Marine  
  30  4:10  SCV  
  25  4:26  Factory Tech Lab, Marine x2  
  25  4:30  Marine  
  25  4:44  Marine x2  
  26  4:56  Supply Depot  
  26  4:58  SCV  
  27  5:01  Starport  
  27  5:02  Marine x2  
  29  5:10  SCV  
  30  5:17  Siege Tank  
  33  5:22  SCV  
  34  5:31  Barracks Reactor  
  34  5:34  SCV  
  34  5:48  Barracks Reactor  
  34  5:57  Fusion Core  
  34  6:01  Marine  
  35  6:10  Orbital Command  
  35  6:14  Engineering Bay  
  35  6:18  Starport Tech Lab, Marine  
  35  6:24  Refinery  
  36  6:26  Marine x2  
  36  6:27  Marine  
  39  7:11  Supply Depot  
  39  7:24  Supply Depot  
  39  7:32  Marine  
  39  7:33  SCV, Siege Tank  
  44  7:50  Marine  
  45  7:51  Engineering Bay  
  45  7:54  Terran Infantry Weapons Level 1  
  45  7:56  Marine x3  
  48  8:08  Marine  
  43  8:26  Marine  
  34  8:32  Battlecruiser  
  39  8:44  Marine  
  40  8:56  Marine  
  40  8:57  Marine  
  40  9:01  Factory, Marine  
  43  9:14  Marine  
  43  9:31  Marine  
  34  9:53  Barracks Reactor  
  33  10:52  Battlecruiser  
  33  10:53  Marine x4  
  33  10:54  Marine x2  
  45  10:59  Factory Tech Lab  
  45  11:11  Marine  
  45  11:16  Marine  
  47  11:50  Missile Turret  
  47  11:59  Supply Depot  
  47  12:20  Marine x2  
  47  12:21  Supply Depot, Siege Tank x2  
  55  12:42  Marine x3  
  58  12:44  Supply Depot  
  58  13:23  Siege Tank  
  57  13:44  Marine  
  57  13:45  Marine x2  
  57  13:46  Marine  
  64  13:55  Siege Tank  
  64  14:05  Command Center  
  52  14:50  Battlecruiser  
  58  15:19  Orbital Command  
  58  15:25  Refinery  
  58  15:44  Marine x3  
  61  15:51  Refinery  
  61  15:52  SCV  
  61  15:55  Battlecruiser  
  68  16:04  SCV  
  69  16:29  Siege Tank  
  70  17:01  Siege Tank  
  76  17:23  Battlecruiser  
  63  18:24  Marine x6  
  45  18:41  Marine  
  45  18:42  Marine, Siege Tank  
  50  18:48  Battlecruiser  
  56  18:58  SCV  
  54  19:10  SCV  
  54  19:15  Marine x4  
  55  19:22  SCV  
  56  19:34  SCV  
  57  19:42  Widow Mine  
  57  19:43  Marine  
  57  19:44  Marine  
  61  20:45  Command Center  
  60  21:50  Marine  
  60  21:51  Marine x5  
  66  22:08  Marine x2  
  66  22:09  Marine x2  
  66  22:15  Marine x2  
  70  22:26  Marine x3  
  70  22:27  Marine  
  72  22:33  Marine  
  73  22:42  Siege Tank  
  76  22:44  Marine x3  
  76  22:51  Marine  
  70  23:14  Siege Tank  
  55  24:09  Marine x2  
  57  24:22  Fusion Core  
  57  24:27  Starport, Marine x2  
  57  24:28  Starport  
  59  24:45  Marine x2  
  61  25:24  Battlecruiser  
  63  25:30  Siege Tank  
  63  25:31  Marine x2  
  63  25:49  Marine x2  
  49  26:07  Marine x2  
  51  26:24  Marine, Siege Tank  
  51  26:25  Marine  
  56  26:28  Starport Tech Lab  
  56  26:32  Starport Tech Lab  
  56  26:42  Marine  
  57  26:55  Battlecruiser x2  
  63  27:30  Orbital Command  
  43  28:38  SCV  
  43  28:50  SCV  
  44  29:02  SCV  
  45  29:03  Marine  
  46  29:14  SCV  
  47  30:33  Marine x2  
  47  30:51  Marine x2  
  49  31:02  SCV  
  50  31:14  SCV  
  51  31:26  Banshee, SCV  
  51  31:28  Cloaking Field  
  51  31:31  Banshee  
  58  31:37  Banshee  
  58  31:38  SCV  
  62  31:50  SCV  
  63  31:57  Marine x2  
  65  32:03  SCV  
  66  32:15  Marine  
  54  33:26  SCV  
  55  33:30  Command Center  
  55  33:33  Marine x2  
  57  33:38  SCV  
  58  33:50  SCV, Marine  
  58  33:51  Marine  
  61  34:03  SCV  
  61  34:08  Marine  
  63  34:12  Battlecruiser  
  63  34:15  SCV  
  70  34:45  Siege Tank  
  73  35:17  Siege Tank  
  82  35:50  Battlecruiser  
  82  35:55  SCV  
  83  36:07  SCV  
  84  36:19  SCV  
  85  36:29  Supply Depot  
  85  36:51  Orbital Command, Supply Depot  
  85  37:02  Marine  
  85  37:03  Marine  
  87  37:16  SCV  
  87  37:20  Marine x2  
  90  37:28  SCV  
  91  37:36  Barracks  
  91  37:38  Marine x2  
  91  37:40  SCV  
  94  37:44  Refinery  
  94  37:49  Refinery  
  94  37:56  Marine  
  94  37:57  Siege Tank  
  98  38:22  Medivac  
  100  38:31  Barracks Tech Lab  
  100  38:37  Barracks  
  100  38:52  Medivac  
  102  39:26  Supply Depot  
  102  39:48  Siege Tank  
  84  40:43  Battlecruiser x3  
  91  41:11  Marine x2  
  55  41:29  Marine x2  
  55  41:32  Siege Tank  
  48  41:37  Marine  
  49  41:47  Marine x2  
Show
View Real Time Build Order
Export as new Build Order

Massa Terran - Winner!

Build Orders:  

Get SALT Encoding   

  12  0:01  SCV  
  13  0:13  SCV  
  14  0:24  Supply Depot  
  14  0:28  SCV  
  15  0:32  Refinery  
  15  0:46  SCV  
  16  0:50  Barracks  
  16  0:58  SCV  
  17  1:10  SCV  
  18  1:14  Supply Depot  
  18  1:22  SCV  
  19  1:28  Barracks  
  19  1:37  Supply Depot  
  19  1:41  Reaper  
  20  1:47  SCV  
  21  2:04  Supply Depot  
  21  2:08  Orbital Command  
  21  2:13  Reaper  
  22  2:24  Marine  
  22  2:28  Factory  
  23  2:42  Marine  
  24  3:15  SCV  
  25  3:27  SCV  
  25  3:33  Marine  
  25  3:38  Hellion  
  25  3:39  SCV  
  28  3:51  Marine  
  29  4:00  Hellion  
  29  4:09  Marine  
  21  4:10  Marine  
  21  4:16  SCV  
  21  4:21  Hellion  
  21  4:23  Supply Depot  
  23  4:27  Marine  
  23  4:28  Marine  
  23  4:43  Hellion  
  23  4:44  Marine  
  26  4:46  Starport  
  26  4:47  Factory  
  26  4:53  Command Center  
  26  5:01  Refinery, SCV  
  26  5:04  Barracks Reactor  
  26  5:06  Barracks Tech Lab  
  27  5:13  SCV, Factory Reactor  
  28  5:17  Marine  
  29  5:34  Factory Tech Lab, Marine  
  25  5:43  Stimpack  
  25  5:52  Marine  
  26  6:04  SCV  
  26  6:08  Hellion x2  
  31  6:11  Infernal Pre-Igniter  
  31  6:16  SCV  
  32  6:20  Widow Mine, Marine  
  32  6:23  Marauder  
  37  6:28  SCV  
  37  6:29  Orbital Command  
  37  6:30  Hellion x2  
  42  6:38  Marine  
  43  6:40  SCV  
  43  6:41  Medivac  
  46  6:51  Hellion x2  
  50  6:56  Marauder, Marine  
  53  7:02  Supply Depot  
  53  7:14  Marine  
  54  7:24  Hellion x2, Siege Tank  
  61  7:32  SCV  
  62  7:39  Supply Depot  
  62  8:16  Orbital Command  
  62  8:25  SCV  
  61  8:37  SCV  
  62  8:44  Bunker  
  62  8:50  Supply Depot  
  62  9:12  SCV x2, Liberator  
  62  9:14  Supply Depot  
  67  9:24  SCV x2  
  59  9:36  SCV x2, Supply Depot  
  53  9:44  Marine x2  
  46  9:48  SCV x2  
  46  9:51  Engineering Bay  
  43  9:53  Widow Mine x3  
  43  9:56  Viking  
  43  9:59  Supply Depot  
  51  10:00  SCV  
  51  10:01  Marine  
  51  10:02  SCV, Marine  
  53  10:14  Widow Mine x2, SCV  
  53  10:19  Marine  
  53  10:20  Marine  
  57  10:21  Supply Depot  
  57  10:24  Command Center  
  57  10:25  Widow Mine, Viking  
  57  10:37  Marine x2  
  54  10:47  Widow Mine  
  54  10:49  SCV x2  
  57  10:55  Marine x2  
  59  10:58  Missile Turret  
  59  11:01  SCV x2  
  61  11:13  SCV  
  61  11:14  SCV, Marauder  
  65  11:20  Missile Turret  
  65  11:26  SCV x2  
  67  11:35  Marauder  
  67  11:37  Marine  
  67  11:38  SCV  
  71  11:47  Missile Turret  
  71  11:48  Orbital Command  
  71  11:49  Missile Turret x2  
  71  11:55  Marine  
  71  11:56  Marauder  
  74  12:07  Barracks  
  74  12:10  Missile Turret  
  74  12:12  Marine  
  75  12:18  Marauder  
  66  12:30  Marine  
  66  12:36  Viking  
  69  12:39  Marauder  
  71  12:51  Marine  
  72  13:00  Marine  
  73  13:06  Viking  
  73  13:08  Marine  
  74  13:18  Marine  
  75  13:46  Command Center  
  64  14:28  Liberator  
  67  14:35  Command Center  
  67  14:56  Marauder, Marine  
  70  15:01  Barracks  
  70  15:05  Barracks  
  70  15:14  Marine  
  71  15:17  Marauder  
  73  15:25  Missile Turret  
  73  15:31  Marine  
  73  15:38  Marauder  
  74  15:49  Marine  
  75  16:00  Marauder  
  75  16:01  Missile Turret  
  77  16:07  Marine  
  73  16:19  Barracks Reactor x2, Marine  
  73  16:21  Marauder  
  73  16:24  Combat Shield  
  73  16:25  Marine  
  77  16:35  Starport  
  77  16:36  Starport x2  
  77  16:37  Marine  
  77  16:39  Starport  
  77  16:41  Terran Infantry Weapons Level 1  
  77  16:42  Marine, Missile Turret  
  77  16:43  Marine  
  71  17:28  Supply Depot x3  
  71  17:29  Supply Depot  
  71  17:48  Marine x2, Missile Turret  
  71  17:49  Marine, Viking x5  
  81  17:52  Supply Depot  
  81  17:53  Supply Depot  
  63  18:06  Marine x2  
  63  18:07  Marine  
  59  18:19  Viking x4  
  60  18:24  Marine  
  61  18:32  SCV x2  
  63  18:44  SCV  
  63  18:45  SCV  
  63  18:47  Marauder, Marine  
  63  18:48  Marine x3  
  71  18:57  SCV x2  
  73  19:08  Marauder  
  73  19:09  SCV  
  64  19:19  Marine x2  
  64  19:20  Marine x3  
  69  19:30  Marauder  
  71  19:51  Marauder  
  73  19:57  Command Center  
  71  20:12  Marauder  
  69  20:25  Viking  
  67  20:30  SCV  
  67  20:31  SCV  
  67  20:34  Marauder  
  71  20:43  SCV  
  72  20:50  SCV  
  72  20:55  SCV  
  74  21:02  SCV  
  68  21:27  SCV x3  
  71  21:37  Viking  
  71  21:39  SCV x3  
  76  21:52  Orbital Command  
  76  22:07  Widow Mine x3  
  82  22:28  Widow Mine x2  
  82  22:29  Widow Mine  
  61  24:12  Widow Mine  
  61  24:13  Widow Mine x2  
  67  24:25  Command Center  
  67  24:34  Widow Mine  
  67  24:59  Marine  
  70  25:00  Marauder, Marine x5  
  77  25:21  Armory, Marauder  
  77  25:43  Marauder  
  77  25:52  Orbital Command  
  69  26:03  Marine  
  69  26:04  Marauder, Marine x2  
  64  26:09  Orbital Command  
  67  26:25  Marauder  
  67  26:33  Refinery  
  67  26:34  Refinery  
  60  26:47  Marauder  
  60  26:54  Viking  
  61  27:08  Marauder  
  63  27:16  SCV  
  64  27:28  SCV  
  64  27:29  Marauder  
  66  27:40  SCV  
  64  28:10  SCV x2, Bunker  
  64  28:11  Bunker  
  45  28:22  SCV x2  
  45  28:26  Command Center  
  45  28:31  Widow Mine x3  
  51  28:34  SCV  
  46  28:46  SCV  
  47  28:52  Widow Mine  
  49  29:36  Marauder, Marine x5  
  49  29:37  Marine  
  57  29:48  SCV x2  
  59  29:54  Marine x2  
  59  29:57  Marauder  
  63  30:00  SCV  
  64  30:12  Viking  
  66  30:19  Marauder  
  68  30:40  Marauder  
  68  30:54  SCV x2  
  70  31:06  SCV  
  72  31:14  Orbital Command  
  72  31:18  SCV  
  72  31:30  SCV  
  73  31:42  Refinery, SCV  
  74  31:53  Command Center  
  74  32:14  Marine  
  74  32:15  Marauder, Marine x4  
  79  32:16  Marine  
  81  32:32  Marine  
  81  32:33  Marine  
  81  32:36  Factory Tech Lab, Marauder  
  85  32:45  Engineering Bay  
  85  32:57  Medivac  
  85  32:58  Marauder  
  89  32:59  Viking  
  89  33:00  Viking  
  87  33:23  Missile Turret  
  87  33:25  SCV x2  
  89  33:37  SCV  
  89  33:38  SCV  
  91  33:50  SCV x2  
  91  33:51  SCV  
  94  34:02  SCV x2  
  95  34:03  SCV  
  95  34:05  Viking  
  98  34:14  SCV x2  
  98  34:15  SCV  
  105  34:24  Widow Mine x2  
  105  34:26  SCV  
  106  34:45  Widow Mine x2  
  110  34:49  Medivac, Viking x2  
  116  35:04  SCV  
  116  35:05  SCV x2  
  116  35:07  Widow Mine  
  121  35:13  Missile Turret  
  121  35:16  Missile Turret  
  121  35:17  SCV x3  
  114  35:29  SCV x3  
  117  35:37  Viking x3  
  117  35:38  Viking  
  125  35:45  Supply Depot  
  125  36:04  Refinery  
  125  36:06  Missile Turret  
  125  36:07  SCV x2, Viking  
  125  36:08  Supply Depot  
  130  36:13  Orbital Command, Bunker  
  130  36:17  Marauder, Marine x2  
  130  36:18  Command Center  
  133  36:30  SCV  
  133  36:32  Supply Depot  
  134  36:39  Marauder  
  135  36:52  Widow Mine x2  
  139  37:00  Marauder  
  141  37:05  Marine x2  
  141  37:06  Marine x3  
  141  37:07  Marine  
  147  37:13  Widow Mine, Supply Depot  
  149  37:18  Terran Infantry Armor Level 1  
  149  37:23  Armory  
  149  37:30  Marauder, Siege Tank  
  149  37:34  Siege Tank  
  157  37:37  Supply Depot  
  157  37:51  Marauder  
  157  37:52  Orbital Command  
  157  37:55  Marine x4  
  157  37:56  Marine  
  157  37:58  Marine  
  164  38:04  Siege Tank  
  170  38:13  Marauder, Marine x4  
  170  38:18  Orbital Command  
  174  38:24  Widow Mine  
  178  38:34  Marauder  
  178  38:36  Widow Mine  
  180  38:44  Refinery  
  180  39:01  Terran Vehicle And Ship Armor Level 1  
  180  39:04  Armory  
  180  39:10  Starport Tech Lab  
  180  39:12  Terran Infantry Weapons Level 2  
  180  39:30  SCV  
  180  39:34  SCV  
  180  39:39  SCV  
  180  39:40  Widow Mine  
  180  39:42  Viking  
  179  39:52  Engineering Bay  
  179  39:55  Marauder, Viking  
  180  40:20  Marauder  
  179  40:22  Liberator  
  178  40:34  SCV  
  178  40:35  SCV  
  180  40:42  Supply Depot  
  180  40:54  SCV x4  
  180  41:04  Viking x4, Supply Depot  
  188  41:05  Viking  
  188  41:06  SCV x3  
  181  41:24  SCV x4  
  185  41:27  Supply Depot  
  185  41:34  Viking  
  185  41:36  SCV x4, Command Center  
  191  41:48  SCV x3  
  191  41:50  Supply Depot  
  196  42:14  Supply Depot  
Tags
 
League
GoldGold
Matchup
TvT
Race
Terran
Replay Pack
Multiplayer
Spawn Locations
Cross Positions
Add a new tag
Caveats
  • Supply blocks, unpowered buildings, or Contaminate may cause inaccurate times.
  • Supply counts are checked every 10 seconds.